 Dungeon Crawl Stone Soup version 0.29-a0-520-gc852659d43 (webtiles) character file.

Game seed: 6816177613032397560

1196 siradein the Skirmisher (level 8, 0/64 HPs)
             Began as a Demonspawn Chaos Knight on May 31, 2022.
             Was a Plaything of Xom.
             Succumbed to a scorpion's poison
             ... on level 4 of the Dungeon.
             The game lasted 00:13:27 (6088 turns).

siradein the Skirmisher (Demonspawn Chaos Knight)   Turns: 6088, Time: 00:13:27

Health: 0/64       AC: 21    Str: 15    XL:     8   Next: 20%
Magic:  8/8        EV:  5    Int: 14    God:    Xom [.*....]
Gold:   136        SH:  0    Dex: 12    Spells: 7/7 levels left

rFire   . . .      SeeInvis .   o - +4 quarterstaff (chaos)
rCold   . . .      Faith    .   (shield currently unavailable)
rNeg    . . .      Spirit   .   q - +0 plate armour
rPois   .          Reflect  .   l - +0 helmet
rElec   .          Harm     .   n - +0 cloak
rCorr   .          Rampage  .   f - +2 pair of gloves
Will    .....                   (no boots)
Stlth   ..........              (no amulet)
HPRegen 0.20/turn               (no ring)
MPRegen 0.11/turn               (no ring)

@: lethally poisoned (0 -> -6), sanguine armoured, flying
A: ignite blood 1, powered by pain 1, sanguine armour 2, deformed body,
deterioration 1
a: Renounce Religion


You were on level 4 of the Dungeon.
You worshipped Xom.
You were a plaything of Xom.
You visited 1 branch of the dungeon, and saw 5 of its levels.

You collected 136 gold pieces.

Inventory:

Hand Weapons
 a - a +0 mace of chaos
 o - a +4 quarterstaff of chaos (weapon)
Missiles
 p - a throwing net
Armour
 f - a +2 pair of gloves (worn)
 l - a +0 helmet (worn)
 n - a +0 cloak (worn)
 q - a +0 plate armour (worn)
Wands
 g - a wand of acid (10)
 k - a wand of polymorph (7)
 w - a wand of flame (9)
Scrolls
 b - a scroll of torment
 h - a scroll of fear
 i - a scroll of amnesia {unknown}
 j - a scroll of poison {unknown}
 s - a scroll of magic mapping {unknown}
 t - a scroll of enchant armour {unknown}
Potions
 d - a potion of mutation {unknown}
 e - 2 potions of might
 m - a potion of flight
 r - a potion of curing {unknown}
 u - a potion of haste
 v - a potion of attraction {unknown}
Miscellaneous
 c - a piece from Xom's chessboard (14/15) (quivered)


   Skills:
 + Level 5.7 Fighting
 + Level 5.2 Maces & Flails
 + Level 4.7 Armour
 + Level 4.4 Dodging


You had 7 spell levels left.
You didn't know any spells.
Your spell library contained the following spells:

 Spells                   Type           Power      Damage    Failure   Level
 Apportation              Tloc           0%         N/A       100%        1
 Freeze                   Ice            0%         1d3       100%        1
 Magic Dart               Conj           0%         1d3       100%        1
 Summon Small Mammal      Summ           0%         N/A       100%        1
 Call Imp                 Summ           0%         N/A       100%        2
 Mephitic Cloud           Conj/Pois/Air  0%         N/A       100%        3
 Ozocubu's Armour         Ice            0%         N/A       100%        3
 Ozocubu's Refrigeration  Ice            0%         4d5       100%        7


Dungeon Overview and Level Annotations

Branches:
Dungeon (5/15)
 Temple: D:4-7

Altars:
Ashenzari
Dithmenos
Elyvilon
Gozag
Xom

Shops:
D:2 !

Annotations:
D:5 Pikel


Innate Abilities, Weirdness & Mutations

Your demonic aura sometimes causes spilled blood to erupt in flames.
You sometimes gain a little power by taking damage.
When seriously injured, your blood forms thick armour. (AC +9)
Armour fits poorly on your strangely shaped body.
Your body sometimes deteriorates upon taking damage.


Message History

The scorpion stings you but does no damage.
You feel very sick.
The scorpion stings you but does no damage.
You feel sick. The scorpion stings you.
* * * LOW HITPOINT WARNING * * *
You see here a jackal skeleton.
You feel sick.
The scorpion stings you but does no damage.
The scorpion attacks as you move away!
The scorpion stings you but does no damage.
You feel sick.
There is a stone staircase leading up here.
You feel sick.
The scorpion stings you but does no damage.
The scorpion barely misses you.
You climb upwards.
You feel sick.
The iron imp hits you but does no damage.
There is a stone staircase leading down here.
You closely miss the scorpion.
You feel sick. The scorpion stings you.
* * * LOW HITPOINT WARNING * * *
You are more poisoned.
The scorpion poisons you!
The scorpion stings you but does no damage.
The iron imp barely misses you.
You hit the scorpion but do no damage. Lightning courses through the scorpion!
The scorpion is severely wounded.
* * * LOW HITPOINT WARNING * * *
You feel sick. The scorpion stings you.
* * * LOW HITPOINT WARNING * * *
The scorpion stings you but does no damage.
The iron imp hits you but does no damage.
You hit the scorpion. You burn the scorpion.
You kill the scorpion!
* * * LOW HITPOINT WARNING * * *
You feel sick.
It was a potion of flight.
You feel very buoyant.
You fly up into the air.
You die...
Xom chuckles heartily!

##### #.......# #...#
#.......# #...#
##.......# #####(..#
#........# ........#
#........# ........#
#.####.### ###.....#
#.(.....#
.(#.....###.......#
..#........(....@.#
.##..######....5.†#
##...# #.......#
#....# #.......#
.....# #.#######
#....# #.# ##...# #.#
.##..# #[##########
..#..######.#........#


You could see an iron imp.

Vanquished Creatures
  Sigmund (D:3)
  A wyvern (D:5)
  A lemure (D:4)
  A bullfrog (D:4)
  Blork the orc (D:5)
  3 scorpions (D:4)
  2 howler monkeys
  2 hounds
  An orc priest (D:4)
  Crazy Yiuf (D:3)
  Ijyb (D:5)
  2 orc wizards (D:4)
  Natasha (D:3)
  15 gnolls
  3 adders
  3 dart slugs
  9 orcs
  6 ball pythons
  4 bats
  7 endoplasms
  A giant cockroach (D:1)
  8 hobgoblins
  8 jackals
  6 kobolds
  5 quokkas
  6 goblins
  8 rats
107 creatures vanquished.

Vanquished Creatures (others)
  A fungus (D:3)
  4 plants (D:4)
5 creatures vanquished.

Grand Total: 112 creatures vanquished

Notes
Turn   | Place    | Note
-------+----------+-------------------------------------------
     0 | D:1      | siradein the Demonspawn Chaos Knight began the quest for
                  | the Orb.
     0 | D:1      | Reached XP level 1. HP: 18/18 MP: 1/1
    81 | D:1      | Reached skill level 1 in Dodging
   194 | D:1      | XOM: divination: detect creatures
   261 | D:1      | XOM is BORED!
   261 | D:1      | XOM: enchant monster (bad)
   266 | D:1      | Gained mutation: When seriously injured, your blood forms
                  | armour. (AC +9) [demonic ancestry]
   266 | D:1      | Reached XP level 2. HP: 21/24 MP: 2/2
   322 | D:1      | XOM: scenery: create altars
   425 | D:1      | Found a faded altar of an unknown god.
   518 | D:1      | XOM: god gift: 19 gold pieces
   904 | D:1      | XOM: divination: magic mapping
  1063 | D:1      | Gained mutation: When seriously injured, your blood forms
                  | thick armour. (AC +9) [demonic ancestry]
  1063 | D:1      | Reached XP level 3. HP: 29/29 MP: 3/3
  1178 | D:2      | XOM: 3-stop teleportation journey
  1223 | D:2      | Got Casetata's Initiation to Wizardry
  1363 | D:2      | XOM: god gift: war axe {god gift}
  1376 | D:2      | XOM: noise
  1447 | D:2      | XOM: noise
  1469 | D:2      | Reached XP level 4. HP: 10/35 MP: 4/4
  1814 | D:2      | Found Koutubicw's Distillery.
  2082 | D:2      | XOM: give mutations
  2082 | D:2      | Gained mutation: Your body sometimes deteriorates upon
                  | taking damage. [Xom's mischief]
  2082 | D:2      | Gained mutation: Armour fits poorly on your strangely
                  | shaped body. [Xom's mischief]
  2300 | D:3      | Noticed Sigmund
  2381 | D:3      | Killed Sigmund
  2382 | D:3      | Reached XP level 5. HP: 7/42 MP: 5/5
  2421 | D:3      | XOM: 2-stop teleportation journey
  2621 | D:3      | Found a shimmering altar of Xom.
  2621 | D:3      | XOM: 4-stop teleportation journey
  2771 | D:2      | Reached XP level 6. HP: 30/48 MP: 6/6
  2956 | D:3      | XOM: fake destruction
  3161 | D:3      | Found a runed translucent door.
  3162 | D:3      | Noticed Crazy Yiuf
  3195 | D:3      | Found a shadowy altar of Dithmenos.
  3195 | D:3      | Found a broken altar of Ashenzari.
  3195 | D:3      | Found an opulent altar of Gozag.
  3272 | D:3      | XOM: enchant monster (good)
  3556 | D:3      | Noticed Natasha
  3576 | D:3      | Killed Natasha
  4045 | D:3      | Killed Crazy Yiuf
  4130 | D:3      | XOM: silly message
  4360 | D:4      | XOM: 2-stop teleportation journey
  4785 | D:4      | XOM: potion effect (heal wounds)
  4792 | D:4      | Gained mutation: Your demonic aura sometimes causes spilled
                  | blood to erupt in flames. [demonic ancestry]
  4792 | D:4      | Reached XP level 7. HP: 42/55 MP: 7/7
  4792 | D:4      | XOM: cast spell 'Leda's Liquefaction'
  4947 | D:4      | XOM: noise
  5205 | D:4      | Reached skill level 5 in Fighting
  5292 | D:4      | XOM: smoke on damage
  5686 | D:5      | Entered Level 5 of the Dungeon
  5693 | D:5      | XOM: enchant monster (bad)
  5702 | D:5      | Noticed Blork the orc
  5705 | D:5      | Noticed Ijyb
  5716 | D:5      | Killed Ijyb
  5718 | D:5      | XOM: blink monster(s)
  5889 | D:5      | Killed Blork the orc
  5892 | D:5      | XOM: polymorph lemure -> iron imp
  5895 | D:5      | XOM: noise
  6052 | D:5      | Noticed a wyvern
  6054 | D:5      | Reached skill level 5 in Maces & Flails
  6060 | D:5      | Killed a wyvern
  6061 | D:5      | Gained mutation: You sometimes gain a little power by
                  | taking damage. [demonic ancestry]
  6061 | D:5      | Reached XP level 8. HP: 28/64 MP: 8/8
  6071 | D:5      | Noticed Pikel
  6086 | D:4      | HP: 3/64 [scorpion (5)]
  6088 | D:4      | Succumbed to a scorpion's poison

Illustrated notes

Levels and vault maps discovered:
D:1:      erik_arrival_cave_to_civilisation [erik_arrival_cave_to_hall],
          layout_basic, ebering_ecumenical_altar_sacrificial
D:2:      layout_basic, serial_shops, shop_statue, kennysheep_cluttered_room
D:3:      layout_basic, grunt_temple_overflow_open,
          chequers_serial_rivers_micro_b, uniq_crazy_yiuf_cottage, uniq_sigmund,
          uniq_natasha
D:4:      cheibrodos_barr_body, layout_basic, nicolae_elyvilon_temple_path
D:5:      layout_rooms, uniq_menkaure, uniq_pikel, uniq_blork_the_orc, uniq_ijyb

Skill      XL: |  1  2  3  4  5  6  7 |
---------------+----------------------+-----
Dodging        | 1 2 3 4 |  4.4
Armour         | 2 3 4 |  4.7
Maces & Flails | 3 4 5 |  5.2
Fighting       | 4 5 |  5.7

Action                   |  1- 3 |  4- 6 |  7- 9 || total
-------------------------+-------+-------+-------++-------
Melee: Mace              |    87 |   150 |       ||   237
       Punch             |     1 |     2 |       ||     3
       Quarterstaff      |       |    21 |    85 ||   106
Evoke: Piece from Xom's  |     4 |     2 |     3 ||     9
  Use: Potion            |       |     4 |     1 ||     5
       Scroll            |       |     4 |       ||     4
 Stab: Petrifying        |     1 |       |       ||     1
       Paralysed         |       |     3 |       ||     3
       Invisible         |       |     1 |       ||     1
       Petrified         |       |       |     1 ||     1
Armor: Leather armour    |    15 |       |       ||    15
       Chain mail        |    51 |   114 |       ||   165
       Plate armour      |       |    16 |    80 ||    96
Dodge: Dodged            |    46 |    68 |    16 ||   130

Table legend: (Time is in decaauts)
 A = Elapsed time spent in this place.
 B = Non-inter-level travel time spent in this place.
 C = Inter-level travel time spent in this place.
 D = Time resting spent in this place.
 E = Time spent auto-exploring this place.
 F = Levels seen in this place.
 G = Mean time per level.
                   A        B        C        D        E       F      G
               +--------+--------+--------+--------+--------+-----+--------+
         Total |   6153 |   6036 |    117 |    600 |   4396 |   5 | 1230.6 |
       Dungeon |   6153 |   6036 |    117 |    600 |   4396 |   5 | 1230.6 |
               +--------+--------+--------+--------+--------+-----+--------+

Top non-repeatable levels by time:
     D:3: 1752 daAuts
     D:4: 1611 daAuts
     D:2: 1426 daAuts
     D:1: 1183 daAuts
     D:5: 179 daAuts
